 Dungeon Sprint DCSS version 0.20.1-1-g8b1a95d (webtiles) character file.

3836 Fang the Severer (level 10, -2/71 HPs)
             Began as a Gargoyle Berserker on Oct 22, 2018.
             Was the Champion of Trog.
             Slain by an orc warrior
             ... wielding a +0 short sword
             ... led by an orc knight
              (14 damage)
             ... in the Dungeon (Sprint VII: "The Pits").
             The game lasted 00:02:25 (1359 turns).

Fang the Severer (Gargoyle Berserker)               Turns: 1359, Time: 00:02:25

Health: -2/71      AC: 19    Str: 23    XL:     10   Next: 18%
Magic:  10/10      EV: 15    Int:  9    God:    Trog [******]
Gold:   0          SH:  0    Dex: 15    Spells: 9/9 levels left

rFire    . . .     SeeInvis .   r - +1 battleaxe (chop)
rCold    . . .     Gourm    .   (shield currently unavailable)
rNeg     + . .     Faith    .   j - +5 ring mail
rPois    ∞         Spirit   .   (no helmet)
rElec    +         Reflect  .   (no cloak)
rCorr    .         Harm     .   (no gloves)
MR       .....     NoTele   +   (no boots)
Stlth    ++........             (no amulet)
Regen    0.3/turn               s - +3 ring of dexterity
MPRegen  0.2/turn               t - +3 ring of dexterity

@: berserk cooldown, slowed, very slow
A: negative energy resistance 1, electricity resistance, unbreathing,
petrification resistance, rot immunity, AC +7
a: Berserk, Trog's Hand, Brothers in Arms, Burn Spellbooks, Renounce Religion


You were in the Dungeon.
You worshipped Trog.
Trog was exalted by your worship.
You were not hungry.

You visited 1 branch

Inventory:

Hand Weapons
 o - a +0 hand axe of freezing
 q - a +1 battleaxe of distortion
 r - a +1 battleaxe of chopping (weapon)
 v - a +1 broad axe of chopping
Armour
 j - a +5 ring mail (worn)
Jewellery
 s - a +3 ring of dexterity (left hand)
 t - a +3 ring of dexterity (right hand)
Scrolls
 i - a scroll of blinking
 k - 3 scrolls of remove curse
 l - a scroll of summoning
Potions
 a - 2 potions of invisibility
 d - 6 potions of curing
 e - 10 potions of heal wounds
 f - 2 potions of haste
 g - 4 potions of magic
 h - 4 potions of berserk rage
 u - a potion of might
Comestibles
 b - 5 chunks of flesh
 c - 7 bread rations
 m - 38 fruits
 n - 7 meat rations


   Skills:
 + Level 11.7 Fighting
 + Level 15.5 Axes
 + Level 9.3 Armour
 + Level 6.5 Dodging
 + Level 3.1 Stealth


You had 9 spell levels left.
You didn't know any spells.

Dungeon Overview and Level Annotations

Branches:
Dungeon (1/1)

Altars:
Ashenzari
Cheibriados
Dithmenos
Elyvilon
Fedhas
Gozag
Hepliaklqana
Kikubaaqudgha
Makhleb
Nemelex Xobeh
Okawaru
Qazlal
Ru
Sif Muna
Trog
Uskayaw
Vehumet
Xom
Yredelemnul
Zin
The Shining One
Beogh
Jiyva
Lugonu


Innate Abilities, Weirdness & Mutations

You are resistant to torment.
Your stone body is resilient. (AC +7)
You are immune to poison.
You resist negative energy. (rN+)
You are resistant to electric shocks. (rElec)
You can survive without breathing.
You are immune to petrification.
You are immune to rotting.


Message History

You hit the orc.
The orc is almost dead.
You slash the orc warrior! The orc barely misses you.
The orc warrior misses you.
Unknown command.
You slash the orc!
You kill the orc!
Trog accepts your kill.
You slash the orc warrior!
The orc warrior hits you with a short sword.
* * * LOW HITPOINT WARNING * * *
The orc warrior closely misses you.
The orc warrior hits you with a short sword.
* * * LOW HITPOINT WARNING * * *
Things that are here:
a dagger; a ring mail; an orc corpse You barely miss the orc warrior.
The orc warrior is almost dead.
The orc warrior hits you with a short sword!
You die...

....##.......##......+..+
'#####...<...##.....##..##
))..##.......##...###....#
))[.##.......##(.##......
######.......##''#)..#..#.
.#..###########.()........
.#.############))#...#..#.
.#)#....#.![[##)o##......
.#)#....#..[[##.@.###....#
.#(')...'..))##.....##..##
.#÷#....#!.))###.....+..+
.'.#....#.!))# ###...+ .+
############## #### #


You could see an orc warrior.

Vanquished Creatures
  A death yak (D)
  A sea snake (D)
  An orc knight (D)
  A molten gargoyle (D)
  A yaktaur (D)
  A hornet (D)
  A water moccasin (D)
  A floating eye (D)
  An orc warrior (D)
  An eye of draining (D)
  A necrophage (D)
  A phantom (D)
  A wolf (D)
  A centaur (D)
  A bullfrog (D)
  A gnoll sergeant (D)
  3 wights (D)
  11 killer bees (D)
  An orc priest (D)
  2 gnolls (D)
  An adder (D)
  An ufetubus (D)
  2 oozes (D)
  An adder zombie (D)
  An orc (D)
  A giant cockroach (D)
  3 goblins (D)
  A hobgoblin (D)
  A kobold (D)
  A frilled lizard (D)
  A leopard gecko zombie (D)
47 creatures vanquished.

Notes
Turn   | Place    | Note
-------+----------+-------------------------------------------
     0 | D        | Fang the Gargoyle Berserker began the quest for the Orb.
     0 | D        | Reached XP level 1. HP: 14/14 MP: 1/1
    20 | D        | Reached skill level 3 in Axes
    20 | D        | Reached XP level 2. HP: 11/20 MP: 2/2
   146 | D        | Found a bloodstained altar of Trog.
   146 | D        | Found a deep blue altar of Sif Muna.
   146 | D        | Found a viscous altar of Jiyva.
   146 | D        | Found a hazy altar of Hepliaklqana.
   146 | D        | Found an opulent altar of Gozag.
   147 | D        | Found a glowing golden altar of the Shining One.
   147 | D        | Found a glowing silver altar of Zin.
   147 | D        | Found a basalt altar of Yredelemnul.
   147 | D        | Found a shimmering altar of Xom.
   147 | D        | Found a sacrificial altar of Ru.
   147 | D        | Found a stormy altar of Qazlal.
   147 | D        | Found an iron altar of Okawaru.
   147 | D        | Found a sparkling altar of Nemelex Xobeh.
   147 | D        | Found a burning altar of Makhleb.
   147 | D        | Found a blossoming altar of Fedhas.
   147 | D        | Found a white marble altar of Elyvilon.
   147 | D        | Found a shadowy altar of Dithmenos.
   147 | D        | Found a snail-covered altar of Cheibriados.
   149 | D        | Found a radiant altar of Vehumet.
   149 | D        | Found a corrupted altar of Lugonu.
   149 | D        | Found a roughly hewn altar of Beogh.
   217 | D        | Reached ** piety under Trog
   283 | D        | Noticed a bullfrog
   286 | D        | Reached skill level 4 in Axes
   290 | D        | Killed a bullfrog
   290 | D        | Reached *** piety under Trog
   290 | D        | Reached skill level 5 in Fighting
   290 | D        | Reached skill level 6 in Axes
   290 | D        | Reached XP level 3. HP: 18/27 MP: 3/3
   290 | D        | Reached XP level 4. HP: 21/32 MP: 4/4
   500 | D        | Noticed a floating eye
   500 | D        | Noticed a phantom
   500 | D        | Noticed a water moccasin
   504 | D        | Reached **** piety under Trog
   504 | D        | Reached skill level 7 in Axes
   504 | D        | Reached XP level 5. HP: 37/37 MP: 5/5
   504 | D        | Paralysed by a floating eye for 2 turns
   510 | D        | Killed a water moccasin
   510 | D        | Reached skill level 8 in Axes
   510 | D        | Reached XP level 6. HP: 44/44 MP: 6/6
   511 | D        | Killed a floating eye
   511 | D        | Reached skill level 9 in Axes
   520 | D        | Killed a phantom
   520 | D        | Reached ***** piety under Trog
   520 | D        | Received a gift from Trog
   520 | D        | Reached skill level 10 in Axes
   520 | D        | Reached skill level 5 in Armour
   520 | D        | Reached XP level 7. HP: 50/50 MP: 7/7
   573 | D        | Reached skill level 5 in Dodging
   576 | D        | Noticed a sea snake
   595 | D        | Killed a sea snake
   595 | D        | Received a gift from Trog
   595 | D        | Reached skill level 10 in Fighting
   595 | D        | Reached skill level 11 in Axes
   595 | D        | Reached skill level 1 in Stealth
   595 | D        | Reached XP level 8. HP: 29/57 MP: 8/8
   730 | D        | Reached skill level 12 in Axes
   892 | D        | Received a gift from Trog
  1031 | D        | Found a hide-covered altar of Uskayaw.
  1031 | D        | Found an ancient bone altar of Kikubaaqudgha.
  1031 | D        | Found a shattered altar of Ashenzari.
  1052 | D        | Noticed a death yak
  1060 | D        | Killed a death yak
  1060 | D        | Reached skill level 13 in Axes
  1060 | D        | Reached XP level 9. HP: 32/63 MP: 1/9
  1065 | D        | Reached skill level 14 in Axes
  1215 | D        | Noticed a yaktaur
  1216 | D        | Noticed a hornet
  1221 | D        | Killed a hornet
  1224 | D        | Killed a yaktaur
  1235 | D        | Received a gift from Trog
  1334 | D        | Noticed an orc knight
  1337 | D        | Noticed a molten gargoyle
  1352 | D        | Killed an orc knight
  1352 | D        | Reached ****** piety under Trog
  1352 | D        | Reached skill level 15 in Axes
  1352 | D        | Reached XP level 10. HP: 27/70 MP: 10/10
  1353 | D        | Killed a molten gargoyle
  1353 | D        | Received a gift from Trog
  1359 | D        | Slain by an orc warrior

Skill      XL: |  1  2  3  4  5  6  7  8  9 |
---------------+----------------------------+-----
Fighting       | 4 5 6 7 8 10 11 | 11.7
Axes           | 3 6 7 8 10 11 13 15 | 15.5
Dodging        | 2 3 4 5 6 |  6.5
Armour         | 3 4 5 6 8 9 |  9.3
Stealth        | 1 2 3 |  3.1

Action                   |  1- 3 |  4- 6 |  7- 9 | 10-12 || total
-------------------------+-------+-------+-------+-------++-------
Melee: Hand axe          |    32 |    30 |    26 |       ||    88
       Battleaxe         |       |       |    71 |     4 ||    75
Invok: Berserk           |     1 |     1 |     4 |       ||     6
  Eat: Fruit             |       |       |     2 |       ||     2
       Chunk             |       |       |     1 |       ||     1
       Bread ration      |       |       |     1 |       ||     1
Armor: Animal skin       |     9 |       |       |       ||     9
       Ring mail         |       |    19 |    29 |     4 ||    52
Dodge: Dodged            |    29 |    33 |    55 |     3 ||   120
